 Dungeon Crawl Stone Soup version 0.30-a0-799-g109b55a442 (webtiles) character file.

Game seed: 3316669142584517306

460 Jeffwins the Ducker (level 7, 0/49 HPs)
             Began as a Human Wanderer on Feb 20, 2023.
             Slain by a black bear (5 damage)
             ... on level 5 of the Dungeon.
             The game lasted 00:07:21 (4032 turns).

Jeffwins the Ducker (Human Wanderer)                Turns: 4032, Time: 00:07:22

Health: 0/49       AC:  6    Str: 11    XL:     7   Next: 28%
Magic:  7/7        EV: 13    Int: 14    God:
Gold:   217        SH:  0    Dex: 14    Spells: 6/6 levels left

rFire   . . .      SeeInvis .    u - +0 scythe (heavy)
rCold   . . .      Faith    .    (shield currently unavailable)
rNeg    . . .      Spirit   .    b - +2 leather armour
rPois   .          Reflect  .    (no helmet)
rElec   .          Harm     .    j - +0 cloak
rCorr   .          Rampage  .    (no gloves)
Will    .....                    (no boots)
Stlth   ++                       k - amulet of magic regeneration
HPRegen 0.28/turn                (no ring)
MPRegen 0.50/turn                (no ring)

@: no status effects
A: no striking features
a: no special abilities


You were on level 5 of the Dungeon.
You visited 2 branches of the dungeon, and saw 6 of its levels.
You also visited: Sewer.

You collected 217 gold pieces.


   Skills:
 - Level 1.7 Fighting
 - Level 3.3(3.6) Axes
 * Level 1.9(2.9) Polearms
 + Level 2.2 Throwing
 - Level 2.0 Armour
 - Level 4.0 Dodging
 + Level 3.6 Stealth
 + Level 3.0 Evocations


You had 6 spell levels left.
You didn't know any spells.
Your spell library contained the following spells:

 Spells                   Type           Power      Damage    Failure   Level
 Summon Small Mammal      Summ           0%         N/A       36%         1
 Call Canine Familiar     Summ           0%         N/A       75%         3
 Dazzling Flash           Conj/Hex       0%         N/A       75%         3
 Summon Guardian Golem    Hex/Summ       0%         N/A       75%         3
 Iskenderun's Mystic Bla  Conj/Tloc      0%         2d3       98%         4
 Starburst                Conj/Fire      0%         6d3       100%        6

Inventory:

Hand Weapons
 a - a +1 hand axe
 u - a +0 heavy scythe (weapon)
Missiles
 n - 20 poisoned darts (quivered)
Armour
 b - a +2 leather armour (worn)
 j - a +0 cloak (worn)
Jewellery
 k - an amulet of magic regeneration (around neck)
 W - a ring of magical power
Wands
 m - a wand of acid (12)
 t - a wand of roots (7)
Scrolls
 e - a scroll of blinking
 h - a scroll of immolation {!r}
 l - 2 scrolls of vulnerability {!r}
 s - a scroll of butterflies
 v - a scroll of fear
 w - a scroll of amnesia
 y - a scroll of enchant weapon {unknown}
Potions
 c - a potion of attraction {!q}
 d - 2 potions of mutation {unknown}
 f - a potion of heal wounds {unknown}
 g - 4 potions of curing {unknown}
 i - a potion of might {unknown}
 o - a potion of berserk rage {unknown}
 p - 4 potions of haste {unknown}
 q - a potion of degeneration {unknown}
 r - 2 potions of brilliance {unknown}

Dungeon Overview and Level Annotations

Branches:
Dungeon (5/15)             Temple (1/1) D:4           Sewer (visited)

Altars:
Ashenzari
Cheibriados
Dithmenos
Elyvilon
Fedhas
Hepliaklqana
Makhleb
Qazlal
Ru
Trog
Uskayaw
Yredelemnul

Annotations:
D:5 Grinder

#..#.. ########## #..#(#
###+####........#### #..#.##
...................#### #.....#
.......................
......##..........###...........
......>.........@.# #...........
................h.#
#...........# .<.....#
.........###...........#
.#.....#
#....######....####..... .
.#.#.# ..... +....'........ . ..
# ...# ####....####..... . ###
... ................. . ..
.....#........### .
.#####...........


You could see a black bear (berserk).


Message History

The black bear completely misses you. The black bear bites you!
* * * LOW HITPOINT WARNING * * *
The black bear claws you.
* * * LOW HITPOINT WARNING * * *
The black bear barely misses you.
You are too injured to fight recklessly!
You are too injured to fight recklessly!
You are too injured to fight recklessly!
You are too injured to fight recklessly!
You are too injured to fight recklessly!
You are too injured to fight recklessly!
You are too injured to fight recklessly!
You are too injured to fight recklessly!
You are too injured to fight recklessly!
You are too injured to fight recklessly!
You are too injured to fight recklessly!
You are too injured to fight recklessly!
You are too injured to fight recklessly!
You are too injured to fight recklessly!
Unknown command.
Aiming: Corrosive Bolt
Press: ? - help, Shift-Dir - straight line, f - black bear
Aim: a black bear (severely wounded, berserk, 81% to hit)
The bolt of acid misses the black bear.
The black bear closely misses you. The black bear claws you.
* * * LOW HITPOINT WARNING * * *
The black bear claws you.
* * * LOW HITPOINT WARNING * * *
The black bear bites you.
You die...

Skill      XL: |  1  2  3  4  5  6  7 |
---------------+----------------------+-----
Armour         | 2 |  2.0
Evocations     | 2 3 |  3.0
Axes           | 3 |  3.3
Throwing       | 1 2 |  2.2
Stealth        | 3 |  3.6
Dodging        | 4 |  4.0
Polearms       | 1 |  1.9
Fighting       | |  1.7

Action                     |  1- 3 |  4- 6 |  7- 9 || total
---------------------------+-------+-------+-------++-------
  Melee: Hand axe          |    98 |   135 |       ||   233
         Punch             |       |     1 |       ||     1
         Halberd           |       |    23 |    74 ||    97
  Throw: Dart              |       |     3 |       ||     3
  Evoke: Wand              |       |     1 |     3 ||     4
    Use: Scroll            |       |       |     8 ||     8
   Stab: Sleeping          |     8 |    10 |     1 ||    19
         Distracted        |       |     1 |       ||     1
 Armour: Leather armour    |    38 |    54 |    39 ||   131
  Dodge: Dodged            |    59 |   103 |   105 ||   267

Levels and vault maps discovered:
D:1:      lightli_arrival_chessboard, layout_loops_cross
D:2:      layout_loops_ring, moated_statue
D:3:      minmay_evil_eye, layout_basic, lemuel_round_altar,
          nicolae_overflow_quartered_altars
D:4:      layout_loops_ring, chei_slow_surprise, minmay_temple_entry_mini_moons,
          corexii_shack, uniq_sigmund
D:5:      layout_basic, grunt_temple_overflow_magic_moments,
          gammafunk_ghost_mausoleum, gup_sewer_entry_glass, lightli_minifort,
          uniq_grinder
Temple:   nicolae_temple_stand_before_the_council

Notes
Turn   | Place    | Note
-------+----------+-------------------------------------------
     0 | D:1      | Jeffwins the Human Wanderer began the quest for the Orb.
     0 | D:1      | Jeffwins set off with the following items: a +1 hand axe, a
                  | +2 leather armour, a potion of attraction {!q}.
     0 | D:1      | Reached XP level 1. HP: 15/15 MP: 1/1
   105 | D:1      | Reached XP level 2. HP: 21/21 MP: 2/2
   363 | D:1      | Reached XP level 3. HP: 24/26 MP: 3/3
   862 | D:2      | Reached XP level 4. HP: 32/33 MP: 4/4
  1663 | D:3      | Reached skill level 2 in Armour
  1691 | D:3      | Reached XP level 5. HP: 32/38 MP: 5/5
  1826 | D:3      | Found a basalt altar of Yredelemnul.
  1826 | D:3      | Found a hide-covered altar of Uskayaw.
  1827 | D:3      | Found a blossoming altar of Fedhas.
  1958 | D:3      | Found a broken altar of Ashenzari.
  2267 | D:3      | Found a hazy altar of Hepliaklqana.
  2286 | D:3      | Reached skill level 2 in Evocations
  2586 | D:4      | Noticed Sigmund
  2600 | D:4      | Killed Sigmund
  2601 | D:4      | Reached skill level 3 in Axes
  2601 | D:4      | Reached skill level 1 in Throwing
  2601 | D:4      | Reached skill level 3 in Stealth
  2601 | D:4      | Reached XP level 6. HP: 33/44 MP: 6/6
  2724 | D:4      | Reached skill level 4 in Dodging
  2813 | D:4      | Found a staircase to the Ecumenical Temple.
  2841 | Temple   | Entered the Ecumenical Temple
  2976 | D:4      | Reached skill level 1 in Polearms
  3077 | D:4      | Reached skill level 2 in Throwing
  3077 | D:4      | Reached XP level 7. HP: 49/49 MP: 7/7
  3278 | D:4      | Found a snail-covered altar of Cheibriados.
  3316 | D:5      | Entered Level 5 of the Dungeon
  3355 | D:5      | Noticed Grinder
  3368 | D:5      | Found a glowing drain.
  3404 | Sewer    | Entered a sewer
  3671 | Sewer    | Reached skill level 3 in Evocations
  4032 | D:5      | Slain by a black bear

Vanquished Creatures
  Sigmund (D:4)
  A scorpion (D:4)
  2 river rats (Sewer)
  10 adders
  A worm (D:4)
  3 dart slugs
  7 orcs
  5 bats
  15 endoplasms
  8 giant cockroaches
  16 goblins
  6 hobgoblins
  4 jackals (D:3)
  3 quokkas
  10 ball pythons
  6 frilled lizards
  12 kobolds
  11 rats
121 creatures vanquished.

Table legend: (Time is in decaauts)
 A = Elapsed time spent in this place.
 B = Non-inter-level travel time spent in this place.
 C = Inter-level travel time spent in this place.
 D = Time resting spent in this place.
 E = Time spent auto-exploring this place.
 F = Levels seen in this place.
 G = Mean time per level.
                   A        B        C        D        E       F      G
               +--------+--------+--------+--------+--------+-----+--------+
         Total |   4241 |   4111 |    130 |      0 |   3064 |   7 |  605.9 |
       Dungeon |   3495 |   3374 |    121 |      0 |   2575 |   5 |  699.0 |
        Temple |     23 |     14 |      9 |      0 |     11 |   1 |   23.0 |
         Sewer |    722 |    722 |      0 |      0 |    478 |   1 |  722.0 |
               +--------+--------+--------+--------+--------+-----+--------+

Top non-repeatable levels by time:
     D:3: 1001 daAuts
     D:4: 824 daAuts
     D:1: 806 daAuts
     D:2: 758 daAuts
   Sewer: 722 daAuts
     D:5: 104 daAuts
  Temple: 23 daAuts

Table legend:
 A = Non-vault XP
 B = Vault XP
 C = Vault XP percentage of total XP
 D = Non-vault monster count
 E = Vault monster count
 F = Vault count percentage of total count
                 A         B        C        D         E       F
            +---------+---------+-------+---------+---------+-------
      Total |     296 |     362 |  55.0 |      93 |      28 |  23.1
            +---------+---------+-------+---------+---------+-------
        D:1 |      48 |       0 |   0.0 |      28 |       0 |   0.0
        D:2 |      74 |       0 |   0.0 |      23 |       0 |   0.0
        D:3 |      51 |       6 |  10.5 |      29 |       3 |   9.4
        D:4 |     123 |     228 |  65.0 |      13 |       2 |  13.3
        D:5 |       0 |      46 | 100.0 |       0 |       6 | 100.0
      Sewer |       0 |      82 | 100.0 |       0 |      17 | 100.0
            +---------+---------+-------+---------+---------+-------
